 Dungeon Crawl Stone Soup version 0.28.0-43-g3370ac3207 (webtiles) character file.

Game seed: 5634953864994756310

7252 Eitelfritz the Basher (level 10, -8/89 HPs)
             Began as a Minotaur Gladiator on Mar 15, 2022.
             Was a High Priest of Okawaru.
             Mangled by an orc warrior
             ... wielding a +0 glaive
              (17 damage)
             ... in a bailey.
             The game lasted 00:29:30 (13120 turns).

Eitelfritz the Basher (Minotaur Gladiator)         Turns: 13120, Time: 00:29:31

Health: -8/89      AC: 11    Str: 22    XL:     10   Next: 88%
Magic:  13/13      EV: 14    Int:  7    God:    Okawaru [*****.]
Gold:   641        SH:  0    Dex: 11    Spells: 9/9 levels left

rFire   + . .      SeeInvis +   a - +3 dire flail (freeze)
rCold   . . .      Faith    .   (shield currently unavailable)
rNeg    . . .      Spirit   .   w - +0 steam dragon scales
rPois   .          Reflect  .   c - +2 hat
rElec   .          Harm     .   (no cloak)
rCorr   +          Rampage  .   (no gloves)
Will    .....                   H - +2 pair of boots
Stlth   ++........              (no amulet)
HPRegen 0.24/turn               B - ring of Xerah {Fly rCorr SInv}
MPRegen 0.13/turn               x - ring of protection from fire

@: flying
A: horns 2, retaliatory headbutt
a: Renounce Religion, Heroism, Finesse, Duel


You were in a bailey.
You worshipped Okawaru.
Okawaru was extremely pleased with you.
You visited 2 branches of the dungeon, and saw 11 of its levels.
You also visited: Ossuary and Bailey.

You collected 641 gold pieces.

Inventory:

Hand Weapons
 a - a +3 dire flail of freezing (weapon)
 b - a +0 shortbow
 f - the +8 flail of Conservatism {antimagic, *Rage rElec Int+3 Stlth+}
   (You found it on level 4 of the Dungeon)

   It reduces the magical energy of the wielder, and disrupts the spells and
   magical abilities of those it strikes.
   Natural abilities and divine invocations are not affected.
   Int:       It affects your intelligence (+3).
   rElec:     It insulates you from electricity.
   *Rage:     It berserks you when you make melee attacks (+20% chance).
   Stlth:     It makes you more stealthy.
 u - a +1 whip of electrocution
 E - a +0 morningstar of draining
Missiles
 d - 4 throwing nets (quivered)
 m - 5 boomerangs
 r - 129 arrows
 C - 2 javelins
Armour
 c - a +2 hat (worn)
 w - +0 steam dragon scales (worn)
 z - a +2 leather armour of positive energy
 H - a +2 pair of boots (worn)
Jewellery
 x - a ring of protection from fire (right hand)
 A - a ring of fire
 B - the ring of Xerah (left hand) {Fly rCorr SInv}
   (You found it on level 8 of the Dungeon)

   [ring of see invisible]

   SInv:      It lets you see invisible.
   Fly:       It grants you flight.
   rCorr:     It protects you from acid and corrosion.
Wands
 g - a wand of iceblast (14)
 p - a wand of paralysis (4)
 F - a wand of acid (8)
 J - a wand of polymorph (3)
Scrolls
 h - a scroll of enchant armour
 l - 2 scrolls of fog
 n - a scroll of blinking
 o - 4 scrolls of fear
 y - 4 scrolls of teleportation
 G - a scroll of amnesia
Potions
 e - 2 potions of curing
 i - 2 potions of haste
 j - 2 potions of mutation {unknown}
 k - a potion of brilliance
 q - 4 potions of resistance
 s - 5 potions of lignification
 t - 2 potions of might
 v - 4 potions of heal wounds
 D - a potion of flight {unknown}


   Skills:
 + Level 8.3 Fighting
 + Level 11.7 Maces & Flails
 + Level 6.4 Bows
 + Level 2.0 Throwing
 + Level 6.9 Armour
 + Level 6.9 Dodging
 + Level 2.7 Stealth
 + Level 6.0 Invocations


You had 9 spell levels left.
You didn't know any spells.
Your spell library contained the following spells:

 Spells                   Type           Power      Damage    Failure   Level
 Pain                     Necr           0%         1d4       43%         1
 Slow                     Hex            0%         N/A       43%         1
 Confusing Touch          Hex            0%         N/A       80%         3
 Vampiric Draining        Necr           0%         2d6       80%         3
 Anguish                  Hex/Necr       0%         N/A       99%         4
 Enfeeble                 Hex            0%         N/A       100%        7
 Animate Skeleton         Necr           Unusable   N/A       N/A         1
 Tukima's Dance           Hex            Unusable   N/A       N/A         3

Dungeon Overview and Level Annotations

Branches:
Dungeon (10/15)            Temple (1/1) D:4            Lair (0/6) D:8
Ossuary (visited)          Bailey (1/1)
    Orc: D:9-12

Altars:
Ashenzari
Cheibriados
Dithmenos
Elyvilon
Fedhas
Gozag
Hepliaklqana
Kikubaaqudgha
Makhleb
Nemelex Xobeh
Okawaru
Qazlal
Ru
Sif Muna
Trog
Uskayaw
Vehumet
Wu Jian
Xom
Yredelemnul
Zin
The Shining One

Shops:
D:4 *   D:8 =   D:9 *

Annotations:
D:8 3 runed translucent doors, Calamarain's ghost, novice HuGl


Innate Abilities, Weirdness & Mutations

You have a pair of horns on your head.
You reflexively headbutt those who attack you in melee.


Message History

Things that are here:
a +0 halberd; a +0 ring mail
Things that are here:
a +0 trident; a +0 scale mail The orc warrior misses you.
Things that are here:
a +0 halberd; a +0 ring mail The orc warrior completely misses you.
You furiously retaliate!
You headbutt the orc warrior. You completely miss the orc warrior.
The orc warrior is moderately wounded.
The orc warrior hits you from afar with a +0 glaive!
The orc warrior barely misses you. You furiously retaliate!
You headbutt the orc warrior, but do no damage.
You closely miss the orc warrior.
The orc warrior is moderately wounded.
The orc warrior misses you.
The orc warrior hits you with a +0 glaive!!
The orc warrior hits you from afar with a +0 glaive!!
Things that are here:
a +0 halberd; a +0 ring mail The orc warrior no longer looks unusually strong.
The orc knight no longer looks unusually strong.
Things that are here:
a +0 trident; a +0 scale mail The orc knight roars a battlecry!
The orc warrior goes into a battle-frenzy!
Things that are here:
a +0 halberd; a +0 chain mail
Things that are here:
a +0 spear; a +0 chain mail; an orc corpse
Things that are here:
a +0 trident; a +0 scale mail; an orc corpse The orc warrior no longer looks unusually strong.
The orc knight roars a battlecry!
The orc warrior goes into a battle-frenzy!
The orc warrior hits you from afar with a +0 glaive!!
* * * LOW HITPOINT WARNING * * *
The orc warrior hits you from afar with a +0 glaive!
You die...

##..≈≈≈≈ ##..≈≈...
##########..≈≈..##
#..........≈≈..##
#.≈≈≈≈≈o≈≈≈≈..##.∩
#.≈).o).))...##...
#.≈o#########'###+
#.≈.## ... #@≈..##
o≈≈≈≈ #.≈≈..##
≈≈o.. #∩.≈≈..#
.o(⌠∩ ##.≈≈..#+#
≈...⌠ #.≈≈..##.##
≈≈..( #.≈..##...+
#.≈.##...
#.≈.##########
#.≈..).......##


You could see an orc knight and an orc warrior (strong).

Vanquished Creatures
  A catoblepas (D:10)
  Pikel (D:6)
  A manticore (D:9)
  Joseph (D:7)
  Maggie (D:6)
  A troll (D:8)
  Prince Ribbit (D:5)
  A hornet (D:7)
  A yak (D:9)
  A steam dragon (D:8)
  2 orc warriors
  An ice beast (D:7)
  2 ogres
  A wolf (D:8)
  2 phantoms (D:5)
  4 centaurs
  2 elf zombies (Ossuary)
  2 bullfrogs (D:8)
  3 scorpions
  A water moccasin zombie (D:5)
  8 killer bees
  9 wights
  5 howler monkeys
  2 electric eels (D:8)
  6 centaur zombies
  A jelly (D:5)
  7 orc priests
  A gnoll shaman (D:3)
  6 hounds
  3 iron imps (D:4)
  A bullfrog skeleton (D:4)
  A centaur skeleton (D:7)
  7 iguanas
  8 orc wizards
  Ijyb (D:4)
  2 killer bee zombies
  3 mummies
  2 howler monkey skeletons
  2 howler monkey zombies
  4 gnolls (D:3)
  6 adders
  An adder zombie (Ossuary)
  3 worms
  A dart slug (D:4)
  43 orcs
  7 endoplasms
  2 giant cockroaches
  10 goblins
  6 hobgoblins
  A quokka (D:3)
  8 ball pythons
  8 bats
  4 frilled lizards (D:1)
  4 goblin zombies
  9 hobgoblin zombies (Ossuary)
  A jackal zombie (Ossuary)
  9 kobolds
  8 kobold zombies (Ossuary)
  8 orc zombies (Ossuary)
  9 rats
  3 rat zombies (Ossuary)
260 creatures vanquished.

Vanquished Creatures (others)
  14 fungi
  7 plants
  5 toadstools (D:4)
26 creatures vanquished.

Grand Total: 286 creatures vanquished

Notes
Turn   | Place    | Note
-------+----------+-------------------------------------------
     0 | D:1      | Eitelfritz the Minotaur Gladiator began the quest for the
                  | Orb.
     0 | D:1      | Reached XP level 1. HP: 18/18 MP: 0/0
   462 | D:1      | Reached XP level 2. HP: 25/25 MP: 1/1
  1106 | D:1      | Reached skill level 4 in Maces & Flails
  1340 | D:2      | Reached XP level 3. HP: 27/30 MP: 2/2
  1347 | D:2      | Reached skill level 1 in Armour
  2107 | D:3      | Reached XP level 4. HP: 28/38 MP: 3/3
  2696 | D:3      | Reached XP level 5. HP: 45/45 MP: 4/4
  2711 | D:3      | Found a glowing silver altar of Zin.
  2924 | D:3      | Found a faded altar of an unknown god.
  3099 | D:3      | Reached skill level 5 in Maces & Flails
  3224 | D:4      | Found an opulent altar of Gozag.
  3468 | D:4      | Found Gozag's Platinum Reserve.
  3521 | D:4      | Identified the +8 flail of Conservatism {antimagic, *Rage
                  | rElec Int+3 Stlth+}
  3664 | D:4      | Found a staircase to the Ecumenical Temple.
  3743 | D:4      | Noticed Ijyb
  3743 | D:4      | Paralysed by Ijyb for 2 turns
  3758 | D:4      | Killed Ijyb
  3759 | D:4      | Reached XP level 6. HP: 41/52 MP: 5/5
  3914 | Temple   | Entered the Ecumenical Temple
  4246 | Temple   | Became a worshipper of Warmaster Okawaru
  4668 | D:4      | Found a burning altar of Makhleb.
  4866 | D:5      | Entered Level 5 of the Dungeon
  4911 | D:5      | Reached skill level 6 in Maces & Flails
  4917 | D:5      | Reached skill level 1 in Invocations
  4924 | D:5      | Reached XP level 7. HP: 29/59 MP: 6/6
  5156 | D:5      | Found a white marble altar of Elyvilon.
  5298 | D:5      | Reached skill level 1 in Bows
  5298 | D:5      | Reached skill level 5 in Armour
  5533 | D:5      | Reached * piety under Okawaru
  6065 | D:5      | Found a blossoming altar of Fedhas.
  6082 | D:5      | Reached XP level 8. HP: 60/67 MP: 8/8
  6157 | D:5      | Noticed Prince Ribbit
  6184 | D:5      | Killed Prince Ribbit
  6185 | D:5      | Reached skill level 7 in Maces & Flails
  6752 | D:6      | Found a glowing golden altar of the Shining One.
  6775 | D:6      | Noticed Pikel
  6785 | D:6      | Reached skill level 1 in Stealth
  6791 | D:6      | Killed Pikel
  6791 | D:6      | Reached ** piety under Okawaru
  6792 | D:6      | Reached skill level 5 in Fighting
  6792 | D:6      | Reached skill level 5 in Bows
  7080 | D:6      | Reached XP level 9. HP: 74/74 MP: 11/11
  7188 | D:6      | Noticed Maggie
  7200 | D:6      | Killed Maggie
  7708 | D:7      | Found a hazy altar of Hepliaklqana.
  7757 | D:7      | Found a sand-covered staircase.
  7758 | D:7      | Found a shimmering blue altar of Sif Muna.
  7772 | Ossuary  | Entered an ossuary
  7964 | Ossuary  | Reached skill level 8 in Maces & Flails
  7986 | Ossuary  | Reached skill level 5 in Invocations
  8256 | D:7      | Found a snail-covered altar of Cheibriados.
  8257 | D:7      | Noticed Joseph
  8269 | D:7      | Killed Joseph
  8269 | D:7      | Reached *** piety under Okawaru
  8270 | D:7      | Reached skill level 5 in Dodging
  8402 | D:7      | Reached skill level 9 in Maces & Flails
  8796 | D:7      | Found a broken altar of Ashenzari.
  8800 | D:7      | Saw a vision of the Swamp and the Spider Nest.
  8800 | D:7      | Noticed a goliath frog
  8800 | D:7      | Noticed a goliath frog
  8800 | D:7      | Noticed a wolf spider
  8800 | D:7      | Noticed an alligator
  8800 | D:7      | Noticed a wolf spider
  8800 | D:7      | Noticed a wolf spider
  8800 | D:7      | Noticed a wolf spider
  9149 | D:7      | Found a stormy altar of Qazlal.
  9196 | D:7      | Received a gift from Okawaru
  9653 | D:8      | Reached XP level 10. HP: 84/84 MP: 13/13
  9671 | D:8      | Reached skill level 10 in Maces & Flails
  9673 | D:8      | Identified the ring of Xerah {Fly rCorr SInv}
  9736 | D:8      | Found Podd's One-of-a-Kind Rings.
 10112 | D:8      | Found a staircase to the Lair.
 10190 | D:8      | Reached **** piety under Okawaru
 10482 | D:8      | Found a runed translucent gate.
 10482 | D:8      | Found a runed translucent gate.
 10482 | D:8      | Found a runed translucent gate.
 10485 | D:8      | Noticed Calamarain's ghost (novice HuGl)
 10486 | D:8      | Noticed an 11-headed hydra
 11365 | D:9      | Noticed a manticore
 11383 | D:9      | Killed a manticore
 11384 | D:9      | Reached skill level 11 in Maces & Flails
 11681 | D:9      | Found a hide-covered altar of Uskayaw.
 11778 | D:9      | HP: 4/88 [poisoned by a killer bee]
 12279 | D:9      | Found Cielyoll's General Store.
 12302 | D:9      | Found an ornate altar of the Wu Jian Council.
 12522 | D:10     | Entered Level 10 of the Dungeon
 12522 | D:10     | Noticed a catoblepas
 12535 | D:10     | Killed a catoblepas
 12535 | D:10     | Reached ***** piety under Okawaru
 12761 | D:10     | Found a flagged portal.
 12787 | Bailey   | Entered a bailey
 13094 | Bailey   | Noticed an orc knight
 13094 | Bailey   | Noticed an orc knight
 13120 | Bailey   | Mangled by an orc warrior

Illustrated notes

Levels and vault maps discovered:
D:1:      lordsloth_arrival_two_stooges, layout_basic, grunt_decor_junction,
          grunt_decor_arrowhead, minmay_statues_item
D:2:      layout_loops_ring, amethyst_killhole
D:3:      layout_basic, zin_scriptorium,
          shapermc_ecumenical_altar_mp_urbaneastern, roderic_malta_cross,
          hex_large, dk_noncrumbling_4, kennysheep_generic_room_8
D:4:      layout_basic, nicolae_gozag_zags_fifth_avenue, demons_altar,
          minmay_temple_entry_arrows, serial_aquarium,
          aquarium_bridge_island_small [aquarium_subvault_small_water,
          aquarium_subvault_wall, aquarium_subvault_bridge,
          aquarium_subvault_bridge, aquarium_subvault_bridge],
          aquarium_window_2, aquarium_window_1, aquarium_window_1,
          aquarium_view_2c, aquarium_view_2a, aquarium_pool_five,
          minmay_gold_behind_fungi, grunt_decor_cap, uniq_ijyb
D:5:      layout_loops_ring, mainiacjoe_overflow_paths, fedhas_altar_2,
          serial_rivers, chequers_serial_rivers_marsh,
          chequers_serial_rivers_room_b, chequers_serial_rivers_small_3,
          chequers_serial_rivers_micro_b, chequers_serial_rivers_micro_e,
          uniq_prince_ribbit1
D:6:      layout_rooms, mainiacjoe_overflow_cross_hatched,
          kennysheep_windowed_goal, uniq_pikel, uniq_maggie
D:7:      layout_basic, mainiacjoe_overflow_alcove_1, grunt_ashenzari_visionary
          [grunt_ashenzari_visionary_swamp, grunt_ashenzari_visionary_spider],
          slow_altar_1, nicolae_sif_muna_condensation, old_standard_altar,
          nicolae_ossuary_entry_giza, uniq_joseph
D:8:      layout_gridville, erik_lair_island, gammafunk_ghost_hydra_chop,
          nicolae_shop_unique_rings
D:9:      layout_irregular_city, pdpol_wu_jian_five_deadly_venoms,
          mainiacjoe_overflow_tiny_flanked, serial_shops, shop,
          serial_column_ruins, column_ruins_hut, column_ruins_open_tiny,
          column_ruins_grid_1, column_ruins_grid_3, column_ruins_grid_1,
          column_ruins_grid_1, column_ruins_grid_4, kennysheep_generic_room_5
D:10:     layout_big_octagon, enter_bailey_3, ebering_ghost_disaster_area,
          uniq_urug, uniq_harold, uniq_sonja
Temple:   compressed_dpeg_triangle_lava_temple
Bailey:   bailey_polearm_1, bailey

Skill      XL: |  1  2  3  4  5  6  7  8  9 10 |
---------------+-------------------------------+-----
Maces & Flails | 4 5 6 7 9 11 | 11.7
Dodging        | 4 5 6 |  6.9
Armour         | 1 2 3 4 5 6 |  6.9
Fighting       | 3 4 5 6 8 |  8.3
Invocations    | 1 2 4 5 6 |  6.0
Bows           | 3 5 6 |  6.4
Stealth        | 1 2 |  2.7
Throwing       | |  2.0

Action                   |  1- 3 |  4- 6 |  7- 9 | 10-12 || total
-------------------------+-------+-------+-------+-------++-------
Melee: Flail             |    33 |       |       |       ||    33
       Headbutt          |    13 |    22 |    50 |    34 ||   119
       Whip              |    66 |   112 |   126 |       ||   304
       Punch             |     1 |     2 |     4 |       ||     7
       Morningstar       |       |       |   173 |    64 ||   237
       Dire flail        |       |       |       |   109 ||   109
 Fire: Shortbow          |       |     3 |    63 |    61 ||   127
  Use: Scroll            |       |     9 |     7 |     3 ||    19
       Potion            |       |       |     1 |       ||     1
 Stab: Sleeping          |       |       |     1 |       ||     1
Armor: Leather armour    |    26 |       |       |       ||    26
       Ring mail         |    11 |    20 |       |       ||    31
       Scale mail        |       |    18 |    33 |       ||    51
       Steam dragon scal |       |       |    77 |    66 ||   143
Dodge: Dodged            |    63 |    70 |   174 |   185 ||   492
